 Dungeon Crawl Stone Soup version 0.23-a0-489-g205b0b6 (webtiles) character file.

4458 aurelian the Grappler (level 10, -6/83 HPs)
             Began as a Yellow Draconian Transmuter on Dec 2, 2018.
             Was a Priest of Okawaru.
             Mangled by an ogre
             ... wielding a cursed -1 giant club
              (22 damage)
             ... on level 9 of the Dungeon.
             The game lasted 00:22:12 (12910 turns).

aurelian the Grappler (DrTm)                       Turns: 12910, Time: 00:22:12

Health: -6/83      AC:  8    Str: 14    XL:     10   Next: 15%
Magic:  18/18      EV: 13    Int: 16    God:    Okawaru [***...]
Gold:   559        SH:  0    Dex: 11    Spells: 5/20 levels left

rFire    . . .     SeeInvis .     - Unarmed
rCold    . . .     Gourm    +   (no shield)
rNeg     . . .     Faith    .   (armour unavailable)
rPois    .         Spirit   .   (helmet restricted)
rElec    .         Reflect  .   w - +0 cloak
rCorr    +         Harm     .   (no gloves)
MR       .....                  (no boots)
Stlth    ++........             k - amulet of the gourmand
HPRegen  0.23/turn              s - ring of flight
MPRegen  0.16/turn              (no ring)

@: drained
A: spit acid, acid resistance, unfitting armour, cold-blooded, AC +7
a: Breathe Acid, Heroism, Renounce Religion, Evoke Flight


You were on level 9 of the Dungeon.
You worshipped Okawaru.
Okawaru was most pleased with you.
You were completely stuffed.

You visited 2 branches of the dungeon, and saw 10 of its levels.

You collected 559 gold pieces.

Inventory:

Hand Weapons
 A - the +6 hunting sling "Pithyc Ylan" {speed, rPois, unknown}
   (You found it on level 8 of the Dungeon)

   Attacks with this weapon are significantly faster.
   It protects you from poison.
Missiles
 a - 89 arrows
 g - a throwing net {!f}
 h - 159 stones (quivered)
Armour
 w - a +0 cloak (worn)
   (You found it on level 6 of the Dungeon)
Jewellery
 k - an amulet of the gourmand (around neck)
   (You found it on level 3 of the Dungeon)
 s - a ring of flight (left hand)
   (You found it on level 5 of the Dungeon)
Wands
 t - a wand of polymorph (7)
   (You took it off Duvessa on level 5 of the Dungeon)
 v - a wand of digging (7)
   (You found it on level 7 of the Dungeon)
 x - a wand of acid (1)
   (You found it on level 4 of the Dungeon)
 y - a wand of scattershot (2)
   (You found it on level 8 of the Dungeon)
Scrolls
 b - 3 scrolls of enchant armour
 c - 8 scrolls of teleportation {@r4}
 d - 7 scrolls of identify {@r1}
 i - 2 scrolls of enchant weapon
 j - 2 scrolls of remove curse {@r2}
 r - 2 scrolls of magic mapping {unknown}
 u - 3 scrolls of fog {unknown}
Potions
 f - 3 potions of curing {@q1}
 m - a potion of flight {unknown}
 n - 2 potions of ambrosia {unknown}
 o - a potion of agility {unknown}
 p - 2 potions of brilliance {unknown}
 q - a potion of degeneration {unknown}
 z - a potion of haste {@q3}
Comestibles
 e - 12 rations {!d}
 B - 4 chunks of flesh


   Skills:
 + Level 6.1(5.5) Fighting
 + Level 3.4(2.8) Dodging
 - Level 2.0(1.4) Stealth
 * Level 9.3(8.7) Unarmed Combat
 + Level 5.5(4.9) Spellcasting
 + Level 6.7(6.1) Transmutations
 - Level 3.0(2.4) Ice Magic
 - Level 2.0(1.4) Poison Magic
 - Level 2.0(1.5) Invocations


You had 5 spell levels left.
You knew the following spells:

 Your Spells              Type           Power        Failure   Level  Hunger
a - Beastly Appendage     Tmut           ###...       1%          1    None
b - Blade Hands           Tmut           ###.......   34%         5    ######.
c - Ice Form              Ice/Tmut       ###.....     26%         4    ####...
s - Sticks to Snakes      Tmut           ###.....     1%          2    ##.....
x - Spider Form           Tmut/Pois      ###.......   10%         3    ###....

Your spell library contained the following spells:

 Spells                   Type           Power        Failure   Level  Hunger
 Animate Skeleton         Necr           N/A          16%         1    None
 Apportation              Tloc           #.....       16%         1    None
 Confusing Touch          Hex            #.....       16%         1    None
 Magic Dart               Conj           #...         16%         1    None
 Summon Small Mammal      Summ           #...         16%         1    None
 Searing Ray              Conj           #.....       24%         2    ##.....
 Dazzling Spray           Conj/Hex       #.....       43%         3    ###....
 Force Lance              Conj/Tloc      #.......     83%         4    ####...
 Fulminant Prism          Conj/Hex       #.........   83%         4    ####...
 Iskenderun's Mystic Bla  Conj           #.......     83%         4    ####...


Dungeon Overview and Level Annotations

Branches:
Dungeon (9/15)             Temple (1/1) D:4            Lair (0/6) D:8
    Orc: D:9-12

Altars:
Ashenzari
Cheibriados
Dithmenos
Gozag
Kikubaaqudgha
Makhleb
Nemelex Xobeh
Okawaru
Ru
Trog
Uskayaw
Vehumet
Wu Jian

Shops:
D:9 [


Innate Abilities, Weirdness & Mutations

You can spit globs of acid.
You are resistant to acid.
Your golden yellow scales are hard. (AC +7)
You cannot fit into any form of body armour.
You are cold-blooded and may be slowed by cold attacks.


Message History

Things that are here:
a +0 falchion; a +0 robe The centaur shoots an arrow.
The arrow completely misses you.
The orc priest mumbles some strange prayers to Beogh against you.
Beogh smites you!
* * * LOW HITPOINT WARNING * * *
The centaur shoots an arrow.
The arrow closely misses you.
Your transformation is almost over.
The centaur shoots an arrow.
The arrow hits you.
* * * LOW HITPOINT WARNING * * *
The centaur shoots an arrow.
The arrow hits you.
* * * LOW HITPOINT WARNING * * *
You see here an arrow.
The centaur shoots an arrow.
The arrow closely misses you.
The centaur shoots an arrow.
The arrow hits you!!
* * * LOW HITPOINT WARNING * * *
You see here 3 arrows.
Okay, then.
Okay, then.
You feel much better.
The centaur shoots an arrow.
The arrow hits you.
* * * LOW HITPOINT WARNING * * *
An ice beast comes into view.
An ogre comes into view. It is wielding a -1 giant club.
A bullfrog comes into view.
Your transformation has ended.
Your +0 cloak unmelds from your body.
The ogre hits you with a cursed -1 giant club!
* * * LOW HITPOINT WARNING * * *
Found a stone staircase leading down.
The centaur shoots an arrow.
The arrow hits you.
* * * LOW HITPOINT WARNING * * *
A troll comes into view.
You see here an arrow.
The bullfrog croaks.
The troll shouts!
The ice beast hits you but does no damage.
You hear a shout!
You hear an angry hiss.
You see here a quokka skeleton.
The troll misses you. The troll closely misses you. The troll claws you.
* * * LOW HITPOINT WARNING * * *
An orc comes into view. It is wielding a +0 flail.
There is a stone staircase leading up here.
You feel much better.
The ice beast hits you but does no damage.
The troll bites you!
* * * LOW HITPOINT WARNING * * *
The troll barely misses you. The troll claws you but does no damage.
The orc drinks a potion.
The orc flickers and vanishes!
The wight hits you but does no damage.
The ogre hits you with a cursed -1 giant club!!
You die...

#....# #..# .# ....
##.## ..# ... #..#
#.# #.###o## #####.#
#.##..#
....#.###..z.##
#{..#(....######
#.Tz..........###
#.@YcF..........#
##.)O.....#......#
##[........#......#
#.................#
#....##............#
#...##...###..######
#.####.#.# ##.# #.
#..#.# #<# #.
......# #.#


You could see a troll, an ice beast, an ogre, a bullfrog, a centaur, 2 wights
and an orc.

Vanquished Creatures
  Grinder (D:5)
  Prince Ribbit (D:5)
  A hippogriff (D:8)
  3 wargs (D:8)
  A water moccasin (D:7)
  Duvessa (D:5)
  An ice beast (D:3)
  3 necrophages
  2 orc warriors
  A sky beast (D:5)
  6 ogres
  2 centaurs (D:5)
  Blork the orc (D:4)
  3 bullfrogs
  Dowan (D:5)
  A water moccasin skeleton (D:8)
  2 vampire bats (D:5)
  6 wights
  2 howler monkeys
  5 hounds
  6 orc priests
  A jelly (D:3)
  10 orc wizards
  7 worker ants
  A hound zombie (D:8)
  A hound skeleton (D:5)
  A howler monkey zombie (D:5)
  4 gnolls (D:2)
  13 adders
  5 oozes
  2 adder skeletons
  3 worms
  6 dart slugs
  10 leopard geckos
  40 orcs
  A ball python (D:5)
  5 giant cockroaches
  10 goblins
  6 hobgoblins
  8 jackals
  6 quokkas
  A ball python zombie (D:5)
  15 bats
  4 frilled lizards
  12 kobolds
  A leopard gecko skeleton (D:5)
  A leopard gecko zombie (D:6)
  5 rats
229 creatures vanquished.

Vanquished Creatures (collateral kills)
  Menkaure (D:5)
  A gnoll (D:1)
  A rat (D:1)
3 creatures vanquished.

Vanquished Creatures (others)
  A human (D:7)
1 creature vanquished.

Grand Total: 233 creatures vanquished

Notes
Turn   | Place    | Note
-------+----------+-------------------------------------------
     0 | D:1      | aurelian the Draconian Transmuter began the quest for the
                  | Orb.
     0 | D:1      | Reached XP level 1. HP: 16/16 MP: 3/3
   260 | D:1      | Reached XP level 2. HP: 15/23 MP: 3/5
   396 | D:1      | Learned a level 2 spell: Sticks to Snakes
  1031 | D:1      | Reached XP level 3. HP: 27/28 MP: 6/6
  1757 | D:1      | Learned a level 3 spell: Spider Form
  1846 | D:2      | Reached skill level 4 in Unarmed Combat
  1884 | D:2      | Found an ancient bone altar of Kikubaaqudgha.
  2078 | D:2      | Reached XP level 4. HP: 35/35 MP: 3/7
  2324 | D:2      | Reached skill level 1 in Poison Magic
  2972 | D:2      | Reached XP level 5. HP: 40/40 MP: 4/8
  3474 | D:2      | Found a shattered altar of Ashenzari.
  3476 | D:2      | Found a sparkling altar of Nemelex Xobeh.
  3743 | D:3      | Noticed an ice beast
  3807 | D:3      | Killed an ice beast
  3807 | D:3      | Reached skill level 5 in Unarmed Combat
  3807 | D:3      | Reached XP level 6. HP: 19/47 MP: 1/9
  5500 | D:4      | Noticed Blork the orc
  5517 | D:4      | Killed Blork the orc
  5664 | D:4      | Learned a level 4 spell: Ice Form
  5721 | D:4      | Found an opulent altar of Gozag.
  5938 | D:4      | Found a staircase to the Ecumenical Temple.
  5949 | D:4      | Your scales start taking on a golden yellow colour.
  5949 | D:4      | Reached XP level 7. HP: 51/56 MP: 7/11
  5978 | Temple   | Entered the Ecumenical Temple
  5997 | Temple   | Became a worshipper of Warmaster Okawaru
  6357 | D:5      | Entered Level 5 of the Dungeon
  6378 | D:5      | Noticed Grinder
  6379 | D:5      | Paralysed by Grinder for 3 turns
  6388 | D:5      | Paralysed by Grinder for 5 turns
  6409 | D:5      | Killed Grinder
  6409 | D:5      | Reached skill level 6 in Unarmed Combat
  6409 | D:5      | Reached skill level 1 in Ice Magic
  6409 | D:5      | Reached skill level 1 in Invocations
  6732 | D:5      | Reached * piety under Okawaru
  6938 | D:5      | Found a hide-covered altar of Uskayaw.
  7378 | D:5      | Found a burning altar of Makhleb.
  7456 | D:5      | Noticed Menkaure
  7465 | D:5      | Killed Menkaure
  7465 | D:5      | Reached XP level 8. HP: 32/63 MP: 4/13
  7720 | D:5      | Reached skill level 5 in Transmutations
  7820 | D:5      | Noticed Prince Ribbit
  7833 | D:5      | Killed Prince Ribbit
  7833 | D:5      | Reached skill level 7 in Unarmed Combat
  7893 | D:5      | Noticed Dowan
  7894 | D:5      | Noticed Duvessa
  7902 | D:5      | Killed Dowan
  7908 | D:5      | Killed Duvessa
  8317 | D:5      | Reached ** piety under Okawaru
  8819 | D:6      | Found a bloodstained altar of Trog.
  8836 | D:6      | Reached XP level 9. HP: 43/72 MP: 10/15
  9258 | D:6      | Reached skill level 8 in Unarmed Combat
  9548 | D:6      | Reached skill level 5 in Fighting
  9942 | D:7      | Reached skill level 1 in Stealth
 10957 | D:7      | Found an ancient bone altar of Kikubaaqudgha.
 11019 | D:7      | Reached skill level 5 in Spellcasting
 11392 | D:8      | Got a crude hunting sling
 11713 | D:8      | Found a staircase to the Lair.
 11733 | D:8      | Reached *** piety under Okawaru
 12059 | D:8      | Reached skill level 9 in Unarmed Combat
 12083 | D:8      | Learned a level 5 spell: Blade Hands
 12228 | D:8      | Reached XP level 10. HP: 51/83 MP: 18/18
 12848 | D:9      | Found a burning altar of Makhleb.
 12850 | D:9      | Found Tevuf's Antique Armour Boutique.
 12910 | D:9      | Mangled by an ogre

Vault maps used:
D:1:      nagdon_arrival_double_spiral
D:2:      kiku_gazebo_pond_becter, nicolae_overflow_hidden_temple,
          chequers_serial_rivers_micro_a, corexii_leaking_fountain
D:3:      minmay_misc_feat_chi, minmay_misc_feat_pillars, amethyst_killhole,
          minmay_starry_boxes
D:4:      minmay_temple_entry_overgrown, first_ration, grunt_gozag_statues,
          uniq_blork_the_orc
D:5:      kennysheep_mini_moat, portal_sewer_entry_a, basic_altar,
          roderic_batcave, uniq_menkaure, uniq_duvessa, uniq_prince_ribbit1,
          uniq_grinder
D:6:      overflow_temple_1_default
D:7:      tgw_kikubaaqudgha
D:8:      erik_lair_orcish_takeover
D:9:      minmay_the_grid_octo_tiled_squarecenter, lemuel_crystal_altar,
          serial_shops, shop
Temple:   nicolae_temple_elliptical

Skill      XL: |  1  2  3  4  5  6  7  8  9 |
---------------+----------------------------+-----
Transmutations | 3 4 5 6 |  6.7
Unarmed Combat | 4 5 6 7 9 |  9.3
Poison Magic   | 1 2 |  2.0
Fighting       | 2 3 4 6 |  6.1
Spellcasting   | 3 4 5 |  5.5
Ice Magic      | 1 3 |  3.0
Invocations    | 2 |  2.0
Dodging        | 3 |  3.4
Stealth        | 2 |  2.0

Action                   |  1- 3 |  4- 6 |  7- 9 | 10-12 || total
-------------------------+-------+-------+-------+-------++-------
Melee: Unarmed           |   144 |   244 |   446 |    44 ||   878
       Tailslap          |     8 |    13 |    21 |     2 ||    44
       Headbutt          |     7 |     6 |     5 |     2 ||    20
       Punch             |     3 |     4 |     8 |       ||    15
       Kick              |       |     5 |     7 |     3 ||    15
Throw: Stone             |       |     1 |       |       ||     1
 Cast: Beastly Appendage |     6 |     6 |    11 |     1 ||    24
       Sticks to Snakes  |     9 |       |     4 |       ||    13
       Spider Form       |     1 |    16 |    27 |     2 ||    46
Invok: Heroism           |       |       |     3 |     2 ||     5
Evoke: Wand              |       |       |     4 |       ||     4
  Use: Scroll            |       |    10 |     1 |       ||    11
       Potion            |       |     3 |       |     2 ||     5
 Stab: Sleeping          |     2 |       |       |       ||     2
  Eat: Chunk             |     5 |    33 |    23 |     2 ||    63
Armor: Skin              |    33 |    49 |    88 |     8 ||   178
Dodge: Dodged            |    85 |   173 |   353 |    36 ||   647

Table legend:
 A = Non-vault XP
 B = Vault XP
 C = Vault XP percentage of total XP
 D = Non-vault monster count
 E = Vault monster count
 F = Vault count percentage of total count
                 A         B        C        D         E       F
            +---------+---------+-------+---------+---------+-------
      Total |    4458 |    1911 |  30.0 |     198 |      34 |  14.7
            +---------+---------+-------+---------+---------+-------
        D:1 |      75 |       0 |   0.0 |      31 |       0 |   0.0
        D:2 |     163 |       0 |   0.0 |      28 |       0 |   0.0
        D:3 |     104 |     138 |  57.0 |      25 |       6 |  19.4
        D:4 |     231 |      96 |  29.4 |      17 |       1 |   5.6
        D:5 |     676 |    1009 |  59.9 |      22 |      18 |  45.0
        D:6 |     978 |       0 |   0.0 |      26 |       0 |   0.0
        D:7 |     757 |       0 |   0.0 |      21 |       0 |   0.0
        D:8 |    1100 |     668 |  37.8 |      21 |       9 |  30.0
        D:9 |     374 |       0 |   0.0 |       7 |       0 |   0.0
            +---------+---------+-------+---------+---------+-------
